 Dungeon Crawl Stone Soup version 0.31-a0-1074-g0b22e4e0f1 (webtiles) character file.

Game seed: 17519084381995333670

2 grandjackal the Ruffian (level 1, -3/19 HPs)
             Began as a Ghoul Monk on Dec 1, 2023.
             Slain by a gnoll
             ... wielding a +0 club
              (8 damage)
             ... on level 2 of the Dungeon.
             The game lasted 00:00:15 (290 turns).

grandjackal the Ruffian (Ghoul Monk)                 Turns: 290, Time: 00:00:16

Health: -3/19      AC:  2    Str: 14    XL:     1   Next: 40%
Magic:  0/0        EV: 12    Int:  9    God:
Gold:   15         SH:  0    Dex: 11    Spells: 0/0 levels left

rFire   . .          .
                       - Unarmed
rCold   + . .        c - orb {light}
rNeg    + + +        a - +0 robe
rPois   ∞            (no helmet)
rElec   .            (no cloak)
rCorr   .            (no gloves)
SInv    .            (no boots)
Will    .....        (no amulet)
Stlth   +            (no ring)
HPRegen 0.00/turn    (no ring)
MPRegen 0.07/turn

%: no passive effects
@: inhibited regen, glowing
A: claws 1, cold resistance 1, negative energy resistance 3, inhibited
regeneration, torment resistance 2, devour on kill
a: no special abilities


You were on level 2 of the Dungeon.
You visited 1 branch of the dungeon, and saw 2 of its levels.

You collected 15 gold pieces.

Inventory:

Armour
 a - a +0 robe (worn)
 c - an orb of light (worn)
Scrolls
 d - a scroll of enchant armour {unknown}
Potions
 b - a potion of ambrosia


   Skills:
 + Level 3.3 Fighting
 + Level 2.7 Dodging
 + Level 3.3 Unarmed Combat


You couldn't memorise any spells.
You didn't know any spells.
Your spell library was empty.

Dungeon Overview and Level Annotations

Branches:
Dungeon (1/15)

Altars:


Innate Abilities, Weirdness & Mutations

You are immune to poison.
You have sharp fingernails.
Your flesh is cold resistant. (rC+)
You are immune to negative energy. (rN+++)
You do not regenerate when monsters are visible.
You are immune to unholy pain and torment.
You thrive by killing the living.


Message History

The giant cockroach bites you but does no damage.
You scratch the giant cockroach but do no damage.
The giant cockroach bites you.
You scratch the giant cockroach.
The giant cockroach is severely wounded.
The giant cockroach bites you but does no damage.
You scratch the giant cockroach.
You kill the giant cockroach!
You feel better.
No target in view!
You see here 4 javelins.
Found a stone staircase leading down.
There is a stone staircase leading down here.
You now have 15 gold pieces.
Found a sling.
d - a scroll labelled PUXKUC TAOTT A gnoll comes into view.
It is wielding a +0 club.
A gnoll comes into view. It is wielding a +0 spear.
The gnoll shouts!
An iguana comes into view.
A gnoll comes into view. It is wielding a +0 heavy flail.
The gnoll shouts!
You scratch the gnoll but do no damage.
A goblin comes into view. It is wielding a +0 club.
The gnoll barely misses you. The gnoll attacks as it pursues you!
The gnoll closely misses you.
Found 9 gold pieces.
The gnoll attacks as it pursues you! The gnoll hits you with a +0 club.
A giant cockroach comes into view.
The gnoll attacks as it pursues you! The gnoll hits you with a +0 club.
You scratch the gnoll but do no damage. The gnoll hits you with a +0 club.
* * * LOW HITPOINT WARNING * * *
You scratch the gnoll but do no damage. The gnoll barely misses you.
You scratch the gnoll.
The gnoll is heavily wounded.
The gnoll barely misses you.
You scratch the gnoll but do no damage.
The gnoll is heavily wounded.
The gnoll hits you with a +0 club!
You die...

##.#####......############
####.................# ##
#.........##########.# #.
#.........# #.# #. #
#.........# #.# #####.
##.###.#.#.##.####
#.###.....
.g.....#.#.g....g#
#...#.###.
..g.....l.....##g# ###.#.#
#. .l.##..##B######@#
#.#.###. ###
#...............# #)...###
##$##.######.##.# #......#
# #.##.# #.# # #.#....# #
#.##.. #.# #.#.#### # .#
.$# # #.# # #.. ..# # #..
.### # ## #


You could see 2 gnolls.

Vanquished Creatures
  An endoplasm (D:1)
  A giant cockroach (D:2)
2 creatures vanquished.

Notes
Turn   | Place    | Note
-------+----------+-------------------------------------------
     0 | D:1      | grandjackal the Ghoul Monk began the quest for the Orb.
     0 | D:1      | Reached XP level 1. HP: 19/19 MP: 0/0
   125 | D:1      | You fall into a shaft and drop 1 floor!
   272 | D:2      | Noticed an iguana
   290 | D:2      | Slain by a gnoll

Illustrated notes

Levels and vault maps discovered:
D:1:      dpeg_arrival_water_fire, layout_loops_ring, minmay_misc_feat_pillars
D:2:      layout_loops_ring, hangedman_abyss_or_decor_stabs, feat_on_display

Action                     || total
---------------------------++-------
  Melee: Unarmed           ||    11
 Armour: Robe              ||     7
  Dodge: Dodged            ||     5

Table legend: (Time is in decaauts)
 A = Elapsed time spent in this place.
 B = Non-inter-level travel time spent in this place.
 C = Inter-level travel time spent in this place.
 D = Time resting spent in this place.
 E = Time spent auto-exploring this place.
 F = Levels seen in this place.
 G = Mean time per level.
                   A        B        C        D        E       F      G
               +--------+--------+--------+--------+--------+-----+--------+
         Total |    289 |    289 |      0 |      0 |    253 |   2 |  144.5 |
       Dungeon |    289 |    289 |      0 |      0 |    253 |   2 |  144.5 |
               +--------+--------+--------+--------+--------+-----+--------+

Top non-repeatable levels by time:
     D:2: 164 daAuts
     D:1: 124 daAuts
